 Dungeon Crawl Stone Soup version 0.30-a0-122-g2a1322497e (webtiles) character file.

Game seed: 9952411218601011717

7 Dreamer the Sneak (level 1, 0/10 HPs)
             Began as a Vampire Enchanter on Sept 16, 2022.
             Slain by a jackal (1 damage)
             ... on level 1 of the Dungeon.
             The game lasted 00:01:07 (176 turns).

Dreamer the Sneak (Vampire Enchanter)                Turns: 176, Time: 00:01:08

Health: 0/10       AC:  2    Str:  7    XL:     1   Next: 83%
Magic:  3/3        EV: 12    Int: 17    God:
Gold:   26         SH:  0    Dex: 14    Spells: 4/4 levels left

rFire   . . .      SeeInvis +    a - +1 dagger
rCold   + + .      Faith    .    (no shield)
rNeg    + + +      Spirit   .    b - +0 robe
rPois   ∞          Reflect  .    (no helmet)
rElec   .          Harm     .    (no cloak)
rCorr   .          Rampage  .    (no gloves)
Will    .....                    (no boots)
Stlth   +++++.....               (no amulet)
HPRegen 0.00/turn                (no ring)
MPRegen 0.08/turn                (no ring)

@: bloodless, inhibited regen
A: bloodless, fangs 3, see invisible, vampiric 1
a: Revivify


You were on level 1 of the Dungeon.
You visited 1 branch of the dungeon, and saw 2 of its levels.

You collected 26 gold pieces.

Inventory:

Hand Weapons
 a - a +1 dagger (weapon)
Armour
 b - a +0 robe (worn)
Scrolls
 d - a scroll of blinking {unknown}
Potions
 c - 2 potions of invisibility


   Skills:
 * Level 1.5 Short Blades
 + Level 2.2 Dodging
 * Level 4.6 Stealth
 + Level 2.0 Spellcasting
 + Level 4.5 Hexes


You had 4 spell levels left.
You didn't know any spells.
Your spell library contained the following spells:

 Spells                   Type           Power      Damage    Failure   Level
 Confusing Touch          Hex            17%        N/A       9%          3
 Tukima's Dance           Hex            17%        N/A       9%          3
 Ensorcelled Hibernation  Hex/Ice        18%        N/A       12%         2
 Dazzling Flash           Conj/Hex       18%        N/A       22%         3
 Sublimation of Blood     Necr           1%         N/A       28%         2
 Wereblood                Tmut           1%         N/A       28%         2
 Summon Hydra             Summ           0%         N/A       100%        7


Dungeon Overview and Level Annotations

Branches:
Dungeon (2/15)

Altars:
Xom


Innate Abilities, Weirdness & Mutations

You do not regenerate when monsters are visible.
You are frail without blood (-20% HP).
You can heal yourself when you bite living creatures.
You are immune to poison.
You have razor-sharp teeth.
You have supernaturally acute eyesight. (SInv)
You are afflicted with vampirism.


Message History

The giant cockroach waves its antennae.
The giant cockroach barely misses you.
The giant cockroach attacks as you move away!
The giant cockroach closely misses you. The bat barely misses you.
The bat misses you.
There is a stone staircase leading down here.
The giant cockroach bites you but does no damage.
The bat barely misses you.
You climb downwards.
Found a leather armour, 16 gold pieces, a robe and a brown potion.
Found a shimmering altar of Xom.
Found two stone staircases leading down.
There is a stone staircase leading up here.
You hit the giant cockroach.
The giant cockroach is heavily wounded.
The giant cockroach bites you.
* * * LOW HITPOINT WARNING * * *
You closely miss the giant cockroach.
The giant cockroach is heavily wounded.
The giant cockroach waves its antennae.
The giant cockroach closely misses you. x2
You hit the giant cockroach. Your bite misses the giant cockroach.
The giant cockroach is severely wounded.
The jackal barks!
You hear a bark!
The hobgoblin shouts!
A jackal comes into view.
The giant cockroach bites you.
* * * LOW HITPOINT WARNING * * *
You hit the giant cockroach.
You kill the giant cockroach!
The jackal barely misses you.
The jackal bites you but does no damage.
The jackal barely misses you.
You climb upwards.
The bat barely misses you. The bat closely misses you. x2
The bat hits you but does no damage.
There is a stone staircase leading down here.
The bat hits you but does no damage. The bat misses you. The jackal bites you.
* * * LOW HITPOINT WARNING * * *
The jackal barely misses you. The bat misses you. The jackal barely misses you.
The jackal bites you.
You die...

##.#...##$ ♣PPP#...#♣
.(....#. ♣P♣PPP#...#.
#.#...?# ...♣PP#...#P ......
..PPPP#.<.#P #####..).#
P.PPP#...#P ......#..#
PPP.♣#...#P #†...######
PPPPP.#...#P ##.#..gbhb#
P♣P♣P♣#...#P #....rh@.#
♣PP#...#♣ #...######
PP♣P#.).# #...# PP P♣#...#
######...####### ######...##
............##.####.##...†#..
######.#.##..................
#.#.#####.###..##...###.
#.#.#####........#.## #.
#.......^..#####.#.# #.


You could see a quokka, 2 jackals, a goblin and 2 bats.

Vanquished Creatures
  4 giant cockroaches
  A ball python (D:1)
  A rat (D:1)
6 creatures vanquished.

Notes
Turn   | Place    | Note
-------+----------+-------------------------------------------
     0 | D:1      | Dreamer the Vampire Enchanter began the quest for the Orb.
     0 | D:1      | Reached XP level 1. HP: 13/13 MP: 3/3
   169 | D:2      | Found a shimmering altar of Xom.
   176 | D:1      | Slain by a jackal

Illustrated notes

Levels and vault maps discovered:
D:1:      minmay_arrival_arboretum_large, layout_loops_ring, minmay_tetromino_t2
D:2:      layout_rooms, basic_altar, shapermc_ecumenical_altar_starsandcircs

Action                   || total
-------------------------++-------
Melee: Dagger            ||    16
       Bite              ||     1
 Abil: Exsanguinate      ||     1
 Stab: Sleeping          ||     3
Armor: Robe              ||     9
Dodge: Dodged            ||    26

Table legend: (Time is in decaauts)
 A = Elapsed time spent in this place.
 B = Non-inter-level travel time spent in this place.
 C = Inter-level travel time spent in this place.
 D = Time resting spent in this place.
 E = Time spent auto-exploring this place.
 F = Levels seen in this place.
 G = Mean time per level.
                   A        B        C        D        E       F      G
               +--------+--------+--------+--------+--------+-----+--------+
         Total |    175 |    175 |      0 |     38 |     55 |   2 |   87.5 |
       Dungeon |    175 |    175 |      0 |     38 |     55 |   2 |   87.5 |
               +--------+--------+--------+--------+--------+-----+--------+

Top non-repeatable levels by time:
     D:1: 169 daAuts
     D:2: 5 daAuts
